 Dungeon Crawl Stone Soup version 0.28.0-43-g3370ac3207 (webtiles) character file.

Game seed: 11834819135645356899

75 Kniotic the Sneak (level 4, 0/21 HPs)
             Began as a Spriggan Enchanter on Mar 14, 2022.
             Splashed by a jelly's acid (9 damage)
             ... on level 2 of the Dungeon.
             The game lasted 00:06:22 (2877 turns).

Kniotic the Sneak (Spriggan Enchanter)              Turns: 2877, Time: 00:06:22

Health: 0/21       AC: -2    Str:  4    XL:     4   Next: 11%
Magic:  9/9        EV: 17    Int: 16    God:
Gold:   41         SH:  0    Dex: 17    Spells: 5/8 levels left

rFire   . . .      SeeInvis +   a - +1 dagger
rCold   . . .      Faith    .   (no shield)
rNeg    . . .      Spirit   .   b - +0 robe
rPois   .          Reflect  .   (helmet restricted)
rElec   .          Harm     .   (no cloak)
rCorr   .          Rampage  .   (gloves unavailable)
Will    .....                   (boots unavailable)
Stlth   +++.......              (no amulet)
HPRegen 0.07/turn               (no ring)
MPRegen 0.11/turn               (no ring)

@: corroded, very quick
A: very small, no large weapons, unfitting armour, see invisible, speed 3
a: no special abilities


You were on level 2 of the Dungeon.
You visited 1 branch of the dungeon, and saw 3 of its levels.

You collected 41 gold pieces.

Inventory:

Hand Weapons
 a - a +1 dagger (weapon)
Missiles
 d - 5 poisoned darts (quivered)
Armour
 b - a +0 robe (worn)
Jewellery
 f - the ring of Ephemeral Luck {EV+4 Int+4}
   (You found it on level 2 of the Dungeon)

   [ring of evasion]

   EV:        It affects your evasion (+4).
   Int:       It affects your intelligence (+4).
Scrolls
 c - a scroll of vulnerability {unknown}
 e - a scroll of fog {unknown}
 g - a scroll of amnesia {unknown}
 i - a scroll of identify {unknown}
 l - 2 scrolls of teleportation {unknown}
Potions
 h - 2 potions of ambrosia {unknown}
 j - a potion of curing {unknown}
 k - a potion of invisibility


   Skills:
 * Level 3.1 Short Blades
 - Level 2.6 Dodging
 + Level 5.9 Stealth
 - Level 2.6 Spellcasting
 + Level 3.9 Hexes


You had 5 spell levels left.
You knew the following spells:

 Your Spells              Type           Power      Damage    Failure   Level
a - Confusing Touch       Hex            14%        N/A       12%         3

Your spell library contained the following spells:

 Spells                   Type           Power      Damage    Failure   Level
 Tukima's Dance           Hex            14%        N/A       12%         3
 Ensorcelled Hibernation  Hex/Ice        16%        N/A       13%         2
 Dazzling Flash           Conj/Hex       16%        N/A       26%         3


Dungeon Overview and Level Annotations

Branches:
Dungeon (3/15)

Altars:

Annotations:
D:2 exclusion: door, Jessica


Innate Abilities, Weirdness & Mutations

You are very small and have problems with some larger weapons.
You are too small for most types of armour.
You have supernaturally acute eyesight. (SInv)
You cover ground extremely quickly. (Speed+++)


Message History

The jelly barely misses you.
You hit the jelly.
Your hands burn!
The jelly is lightly wounded.
The jelly closely misses you.
You hit the jelly but do no damage.
Your hands burn!
The jelly is lightly wounded.
Found a faded altar of an unknown god.
Jessica the Apprentice Sorceress comes into view.
She is wielding a +0 club.
There is a faded altar of an unknown god here.
Jessica shouts!
Jessica casts a spell.
Jessica blinks!
You open the door.
There is an open door here.
You open the door.
A rat comes into view.
A bat and a rat come into view.
There is an open door here.
A hobgoblin comes into view.
The helpless rat fails to defend itself.
You spit the rat like a pig!!!
You kill the rat!
The hobgoblin shouts!
The rat twitches its whiskers.
The rat barely misses you. The bat barely misses you.
Found a stone staircase leading down.
The bat closely misses you.
Found 3 scrolls labelled XIG PUQAELAU.
The bat hits you but does no damage. The bat barely misses you.
The bat completely misses you. The bat misses you.
There is a stone staircase leading down here.
The bat closely misses you. x2; The ball python barely misses you.
The ball python grabs you.
You stop descending the stairs.
The ball python constricts you. The hobgoblin misses you.
You escape the ball python's grasp.
The bat misses you. The bat barely misses you. The hobgoblin barely misses you.
The jelly hits you. The acid corrodes you!
You are splashed with acid!
You die...

#.......##.........# #....
#.......##.........# #....
#....?..##....†....# #....
#.......##.........###....
#....>..++.......J.'.@....
#......S##.........###....
#.....b.r.@........# #....
#####...gJ................
#####@#########....... #.#
#....... #.# #....... ...
####.... .## ########....
.. #........... .#
#.....#.<... ..
.<...#..... ###..##....


You could see a jelly, Jessica, a hobgoblin, a bat, a ball python and a rat.

Vanquished Creatures
  An adder (D:2)
  3 dart slugs
  An orc (D:3)
  6 bats
  3 endoplasms
  2 giant cockroaches (D:1)
  A goblin (D:1)
  7 hobgoblins
  2 jackals (D:3)
  13 kobolds
  2 quokkas
  3 ball pythons
  2 frilled lizards
  10 rats
56 creatures vanquished.

Vanquished Creatures (others)
  5 fungi (D:2)
  9 toadstools (D:2)
14 creatures vanquished.

Grand Total: 70 creatures vanquished

Notes
Turn   | Place    | Note
-------+----------+-------------------------------------------
     0 | D:1      | Kniotic the Spriggan Enchanter began the quest for the Orb.
     0 | D:1      | Reached XP level 1. HP: 9/9 MP: 5/5
   206 | D:1      | Reached XP level 2. HP: 12/13 MP: 6/6
   233 | D:1      | Reached skill level 5 in Stealth
  1226 | D:1      | Reached XP level 3. HP: 13/16 MP: 8/8
  1528 | D:2      | Identified the ring of Ephemeral Luck {EV+4 Int+4}
  1581 | D:2      | Learned a level 3 spell: Confusing Touch
  2508 | D:3      | Reached XP level 4. HP: 21/21 MP: 9/9
  2834 | D:2      | Found a faded altar of an unknown god.
  2838 | D:2      | Noticed Jessica
  2877 | D:2      | Splashed by a jelly's acid

Illustrated notes

Levels and vault maps discovered:
D:1:      shiori_arrival_maze, layout_loops_ring
D:2:      cheibrodos_fertilizer, layout_basic, chequers_ecumenical_altar_simple,
          uniq_jessica
D:3:      gammafunk_steamed_eel, layout_basic, guppyfry_early_orc_mine

Skill      XL: |  1  2  3 |
---------------+----------+-----
Stealth        | 5 |  5.9
Short Blades   | 2 3 |  3.1
Dodging        | |  2.6
Spellcasting   | |  2.6
Hexes          | |  3.9

Action                   |  1- 3 |  4- 6 || total
-------------------------+-------+-------++-------
Melee: Dagger            |   173 |    23 ||   196
       Punch             |     4 |       ||     4
  Use: Potion            |     1 |       ||     1
 Stab: Sleeping          |    19 |     3 ||    22
       Invisible         |     6 |       ||     6
       Distracted        |       |     1 ||     1
Armor: Robe              |    17 |     4 ||    21
Dodge: Dodged            |   138 |    27 ||   165
